 Dungeon Crawl Stone Soup version 0.17-a0-1447-g3d113ad (webtiles) character file.

134 HEYYEYAAE the Ducker (level 4, -2/37 HPs)
             Began as a Spriggan Berserker on June 29, 2015.
             Was a Believer of Trog.
             Slain by a jackal (3 damage)
             ... on level 3 of the Dungeon.
             The game lasted 00:04:19 (2347 turns).

HEYYEYAAE the Ducker (Spriggan Berserker)           Turns: 2347, Time: 00:04:19

Health: -2/37      AC:  0    Str: 22    XL:     4   Next: 95%
Magic:  5/5        EV: 20    Int:  8    God:    Trog [**....]
Gold:   89         SH:  0    Dex: 15    Spells: 0 memorised, 3 levels left

rFire  . . .     SeeInvis +     a - +0 hand axe
rCold  . . .     Clarity  .     j - -2 robe (curse)
rNeg   . . .     SustAt   .     (shield restricted)
rPois  .         Gourm    .     (helmet restricted)
rElec  .         Spirit   .     (no cloak)
rCorr  .         Warding  .     (gloves unavailable)
rMut   .         Stasis   .     (boots unavailable)
MR     .....                    (no amulet)
Stlth  ..........               (no ring)
                                f - +3 ring of strength

@: berserking (expiring), very quick, not resistant to hostile enchantments,
extremely unstealthy
A: unfitting armour, see invisible, herbivore 3, speed 3, slow metabolism 2
a: Burn Spellbooks, Berserk, Trog's Hand, Renounce Religion


You were on level 3 of the Dungeon.
You worshipped Trog.
Trog was pleased with you.
You were not hungry.

You visited 1 branch of the dungeon, and saw 3 of its levels.

You collected 89 gold pieces.

Inventory:

Hand weapons
 a - a +0 hand axe (weapon)
 k - a +1 dagger of flaming
Armour
 b - a +0 animal skin
 j - a cursed -2 robe (worn)
Jewellery
 f - a +3 ring of strength (left hand)
Magical devices
 g - a wand of digging (8)
Scrolls
 h - 2 scrolls of fog
 l - 3 scrolls of fear
 m - 2 scrolls of enchant weapon
Potions
 d - a potion of cancellation {unknown}
 e - a potion of curing {unknown}
 i - 2 potions of mutation {unknown}
Comestibles
 c - 2 bread rations


   Skills:
 * Level 3.8 Fighting
 - Level 2.7 Axes
 + Level 0.8 Armour
 + Level 5.5 Dodging


You had 3 spell levels left.
You didn't know any spells.

Dungeon Overview and Level Annotations

Branches:
Dungeon (3/15)

Altars:
Nemelex Xobeh
Xom


Innate Abilities, Weirdness & Mutations

You are tiny and cannot use many weapons and most armour.
You have supernaturally acute eyesight.
You are a herbivore.
You cover ground extremely quickly.
You need consume almost no food.


Message History

You feel yourself moving faster!
You feel mighty!
You feel somewhat more hungry. The jackal closely misses you.
You closely miss the jackal. x2
The jackal misses you. x2
You closely miss the jackal. You completely miss the jackal.
The jackal bites you.
* * * LOW HITPOINT WARNING * * *
The jackal bites you.
* * * LOW HITPOINT WARNING * * *
You closely miss the jackal.
The jackal barks!
You slash the jackal!
You kill the jackal!
Trog accepts your kill. The jackal bites you.
* * * LOW HITPOINT WARNING * * *
You closely miss the jackal. The jackal misses you.
Unknown command.
You miss the jackal. The jackal bites you.
You die...

#.# .. #.#.. ##.#. ...
##### #.# #...# #h#
#.#.# #.#
#.#.#.#.#####h#########
#.#.#........@†........
#.#.#######....########
#.........'.†..#
###.#######....# #.#
#....# #.# #....#
#.#######....#
#......##....#
#......##....#


You could see 2 jackals.

Vanquished Creatures
  A crimson imp (D:3)
  4 adders (D:2)
  3 worms (D:2)
  A giant gecko (D:2)
  2 ball pythons
  8 giant cockroaches
  6 hobgoblins
  A quokka (D:2)
  7 bats
  4 giant newts
  10 goblins
  A jackal (D:3)
  4 kobolds
  7 rats
59 creatures vanquished.

Notes
Turn   | Place    | Note
--------------------------------------------------------------
     0 | D:1      | HEYYEYAAE the Spriggan Berserker began the quest for the Orb.
     0 | D:1      | Reached XP level 1. HP: 11/11 MP: 2/2
    80 | D:1      | Reached XP level 2. HP: 4/16 MP: 3/3
   319 | D:1      | Acquired Trog's second power
   905 | D:2      | Reached XP level 3. HP: 13/20 MP: 4/4
  1083 | D:2      | Found a shimmering altar of Xom.
  1392 | D:2      | Reached skill level 5 in Dodging
  1634 | D:2      | Reached XP level 4. HP: 18/24 MP: 5/5
  1892 | D:2      | HP: 1/25 [hobgoblin/club (7)]
  1917 | D:2      | Found a sparkling altar of Nemelex Xobeh.
  2172 | D:3      | Found a shimmering altar of Xom.
  2345 | D:3      | HP: 1/37 [jackal (3)]
  2347 | D:3      | Slain by a jackal

Vault maps used:
D:1:      dpeg_arrival_simpleton_b, serial_forest, infiniplex_forest_straight_3,
          infiniplex_forest_zigzag_2, infiniplex_forest_lined_room_2,
          infiniplex_forest_straight_4, infiniplex_forest_zigzag_1
D:2:      lemuel_round_altar, lemuel_round_altar
D:3:      first_bread, kennysheep_flooded_box, led_xom_imps

Action                   |  1- 3 |  4- 6 || total
-------------------------+-------+-------++-------
Melee: Hand axe          |   115 |   111 ||   226
       Dagger            |    13 |       ||    13
Invok: Berserk           |     3 |     2 ||     5
       Trog's Hand       |     1 |     2 ||     3
  Use: Scroll            |     3 |       ||     3
 Stab: Sleeping          |     4 |     1 ||     5
       Distracted        |       |     2 ||     2
  Eat: Bread ration      |       |     1 ||     1
